[Event "EWIRCC 2019"]
[Site "Monte-Carlo"]
[Date "2019.11.30"]
[Round "2.1"]
[White "Dornbusch, Tatiana"]
[Black "Muzychuk, Anna"]
[Result "1/2-1/2"]
[ECO "A81"]
[WhiteElo "2269"]
[BlackElo "2543"]
[Annotator "ChessBase"]
[PlyCount "69"]
[EventDate "2019.11.28"]
[EventType "swiss"]
[EventCountry "MNC"]
[SourceTitle "playchess.com"]
[Source "ChessBase"]
[SourceQuality "1"]
[TimeControl "5400+30"]

1. d4 f5 2. g3 Nf6 3. Bg2 g6 4. Nh3 d6 5. O-O Bg7 6. c3 c6 7. Qb3 e5 8. dxe5 dxe5 9. Ng5 Qe7 10. Be3 Na6 11. Nd2 h6 12. Ngf3 Ng4 13. Nh4 Qf7 14. Nc4 O-O 15. Nd6 Qxb3 16. axb3 Nxe3 17. fxe3 Rf6 18. Ne8 Rf8 19. Nd6 Rf6 20. Ne8 Re6 21. Nxg7 Kxg7 22. e4 f4 23. gxf4 exf4 24. Rxf4 Nc7 25. Raf1 Re7 26. Rf6 g5 27. Ng6 Re8 28. Rf7+ Kxg6 29. R1f6+ Kh5 30. Rh7 g4 31. Rhxh6+ Kg5 32. Rhg6+ Kh5 33. Rh6+ Kg5 34. Rhg6+ Kh5 35. Rh6+ 1/2-1/2

[Event "EWIRCC 2019"]
[Site "Monte-Carlo"]
[Date "2019.11.30"]
[Round "2.2"]
[White "Kosteniuk, Alexandra"]
[Black "Savina, Anastasia"]
[Result "1-0"]
[ECO "C84"]
[WhiteElo "2483"]
[BlackElo "2354"]
[Annotator "ChessBase"]
[PlyCount "106"]
[EventDate "2019.11.28"]
[EventType "swiss"]
[EventCountry "MNC"]
[SourceTitle "playchess.com"]
[Source "ChessBase"]
[SourceQuality "1"]
[TimeControl "5400+30"]

1. e4 e5 2. Nf3 Nc6 3. Bb5 a6 4. Ba4 Nf6 5. d4 exd4 6. O-O Be7 7. e5 Ne4 8. Nxd4 Nxd4 9. Qxd4 Nc5 10. Bb3 Nxb3 11. cxb3 O-O 12. Bf4 d5 13. exd6 Bxd6 14. Bxd6 Qxd6 15. Qxd6 cxd6 16. Nc3 Be6 17. Rad1 Rfd8 18. Rd4 Kf8 19. Rfd1 Ke7 20. g4 Rac8 21. Kg2 Rc5 22. R1d2 h6 23. Ne4 Rc6 24. Ng3 Rc1 25. Re2 Kf8 26. Red2 Ra1 27. a3 Bxb3 28. Rxd6 Rxd6 29. Rxd6 Rd1 30. Rxd1 Bxd1 31. h3 g6 32. f4 Ke7 33. Ne4 Ba4 34. Kf2 Bc6 35. Ke3 Bxe4 36. Kxe4 Ke6 37. Kd4 b6 38. Ke4 f5+ 39. gxf5+ gxf5+ 40. Kd4 Kd6 41. a4 Ke6 42. h4 h5 43. a5 bxa5 44. Kc5 a4 45. Kc6 Kf7 46. Kd5 Kf6 47. Kd6 a5 48. Kd5 Kf7 49. Ke5 Ke7 50. Kxf5 Kd6 51. Kg6 Kd5 52. f5 Kc4 53. f6 Kd5 1-0

[Event "EWIRCC 2019"]
[Site "Monte-Carlo"]
[Date "2019.11.30"]
[Round "2.3"]
[White "Gaprindashvili, Nona"]
[Black "Muzychuk, Mariya"]
[Result "0-1"]
[ECO "E20"]
[WhiteElo "2275"]
[BlackElo "2552"]
[Annotator "ChessBase"]
[PlyCount "114"]
[EventDate "2019.11.28"]
[EventType "swiss"]
[EventCountry "MNC"]
[SourceTitle "playchess.com"]
[Source "ChessBase"]
[SourceQuality "1"]
[TimeControl "5400+30"]

1. d4 Nf6 2. c4 e6 3. Nc3 Bb4 4. Bd2 b6 5. Qc2 Bb7 6. f3 c5 7. a3 Bxc3 8. Bxc3 cxd4 9. Bxd4 O-O 10. e4 d5 11. O-O-O dxe4 12. Bc3 Qc7 13. Bxf6 Qf4+ 14. Kb1 Qxf6 15. fxe4 Nc6 16. Nf3 Rfd8 17. Bd3 Ne5 18. Qe2 Nxd3 19. Rxd3 Qf4 20. Re3 Rd7 21. Rc1 Rad8 22. Rc2 h6 23. Ka2 e5 24. Rcc3 Qf6 25. Qc2 Qe6 26. b3 Kh7 27. Kb2 Rd1 28. c5 bxc5 29. Rxc5 f6 30. Rc7 Qb6 31. Qc5 Qxc5 32. Rxc5 R8d7 33. b4 Rf1 34. Re2 Rdd1 35. Kb3 Rd3+ 36. Rc3 Rb1+ 37. Kc2 Rxc3+ 38. Kxc3 Bc6 39. Kc2 Ra1 40. Kb2 Rd1 41. Nd2 Bb5 42. Rf2 Re1 43. h3 h5 44. Kc3 Re3+ 45. Kb2 Kg6 46. Ka2 h4 47. Kb2 Kf7 48. Ka2 Ke6 49. Kb2 g5 50. Ka2 Bd3 51. Rf3 Rxf3 52. gxf3 f5 53. a4 fxe4 54. fxe4 Be2 55. b5 g4 56. hxg4 h3 57. a5 h2 0-1

[Event "EWIRCC 2019"]
[Site "Monte-Carlo"]
[Date "2019.11.30"]
[Round "2.4"]
[White "Zaksaite, Salomeja"]
[Black "Stefanova, Antoaneta"]
[Result "0-1"]
[ECO "D94"]
[WhiteElo "2202"]
[BlackElo "2481"]
[Annotator "ChessBase"]
[PlyCount "50"]
[EventDate "2019.11.28"]
[EventType "swiss"]
[EventCountry "MNC"]
[SourceTitle "playchess.com"]
[Source "ChessBase"]
[SourceQuality "1"]
[TimeControl "5400+30"]

1. e4 c6 2. d4 d5 3. exd5 cxd5 4. c4 Nf6 5. Nc3 g6 6. cxd5 Nxd5 7. Bc4 Nb6 8. Bb3 Bg7 9. Nf3 O-O 10. O-O Nc6 11. Re1 Bg4 12. Bg5 h6 13. Be3 Na5 14. h3 Nxb3 15. axb3 Be6 16. Ne4 Bd5 17. Nc5 Nc8 18. Ne5 Nd6 19. Qc1 Kh7 20. Qd1 Nf5 21. Qd3 b6 22. Ne4 Bb7 23. Nc4 Qd5 24. Ncd2 Nxe3 25. fxe3 f5 0-1

[Event "EWIRCC 2019"]
[Site "Monte-Carlo"]
[Date "2019.11.30"]
[Round "2.5"]
[White "Unuk, Laura"]
[Black "Gunina, Valentina"]
[Result "1/2-1/2"]
[ECO "D11"]
[WhiteElo "2298"]
[BlackElo "2509"]
[Annotator "ChessBase"]
[PlyCount "110"]
[EventDate "2019.11.28"]
[EventType "swiss"]
[EventCountry "MNC"]
[SourceTitle "playchess.com"]
[Source "ChessBase"]
[SourceQuality "1"]
[TimeControl "5400+30"]

1. Nf3 Nf6 2. g3 d5 3. Bg2 c6 4. O-O Bg4 5. d4 e6 6. c4 Nbd7 7. Qb3 Qb6 8. Nc3 Be7 9. c5 Qxb3 10. axb3 O-O 11. b4 a6 12. Bf4 h6 13. Ne5 Nxe5 14. Bxe5 Nd7 15. Bf4 Bf6 16. Bd6 Rfe8 17. Rad1 e5 18. dxe5 Nxe5 19. h3 Bh5 20. g4 Bg6 21. f4 Nc4 22. f5 Bh7 23. e4 Nxb2 24. Rc1 Nd3 25. exd5 Nxc1 26. Rxc1 Rac8 27. dxc6 bxc6 28. Na4 Bd4+ 29. Kh1 Re2 30. Nb6 Rce8 31. Bxc6 Re1+ 32. Rxe1 Rxe1+ 33. Kg2 g6 34. Bd7 gxf5 35. gxf5 Rc1 36. Nd5 Kg7 37. Kf3 Bb2 38. Ne7 a5 39. bxa5 Ba3 40. a6 Bxc5 41. Bxc5 Rxc5 42. a7 Ra5 43. Nc6 Ra3+ 44. Kf4 Kf6 45. Bc8 Ra4+ 46. Kg3 Ra3+ 47. Kf4 Ra4+ 48. Kg3 Bxf5 49. Bb7 Ra3+ 50. Kf4 Ra4+ 51. Kg3 Ra3+ 52. Kf4 Bxh3 53. a8=Q Rxa8 54. Bxa8 Bg2 55. Bb7 Bxc6 {[%emt 0:01:29] Ke4 Ke5+} 1/2-1/2

[Event "EWIRCC 2019"]
[Site "Monte-Carlo"]
[Date "2019.11.30"]
[Round "2.6"]
[White "Muetsch, Annmarie"]
[Black "Bodnaruk, Anastasia"]
[Result "1-0"]
[ECO "B51"]
[WhiteElo "2240"]
[BlackElo "2412"]
[Annotator "NA RC"]
[PlyCount "171"]
[EventDate "2019.11.28"]
[EventType "swiss"]
[EventCountry "MNC"]
[SourceTitle "playchess.com"]
[Source "ChessBase"]
[SourceQuality "1"]
[TimeControl "5400+30"]

1. e4 c5 2. Nf3 d6 3. Bb5+ Nd7 4. O-O a6 5. Bd3 Ngf6 6. Re1 b5 7. c4 bxc4 8. Bxc4 Nb6 9. Bb3 e5 10. d3 Be7 11. h3 O-O 12. Nc3 h6 13. Ne2 Be6 14. Ng3 Ne8 15. Bd2 a5 16. a4 Nc7 17. Nh2 Bg5 18. Bc3 g6 19. Ng4 h5 20. Ne3 Bh6 21. Nc4 Nxc4 22. Bxc4 Bxc4 23. dxc4 Ne6 24. b3 Rb8 25. Rb1 Qc7 26. Nf1 Nd4 27. Ne3 Bxe3 28. fxe3 Nc6 29. Rf1 Kg7 30. Qd2 f6 31. Rfd1 Rfd8 32. Qf2 Qe7 33. Rf1 Qe6 34. Qe2 Rd7 35. Be1 Rdb7 36. Qd1 Rb6 37. Bh4 Rf8 38. Rb2 Rb7 39. Be1 Nb4 40. Rbf2 Nc6 41. Rd2 Rd7 42. Bh4 Nb4 43. Qf3 f5 44. exf5 Rxf5 45. Qd1 Rxf1+ 46. Qxf1 e4 47. Rf2 Rf7 48. Qa1+ Kh7 49. Bf6 Nd3 50. Rf1 Qc8 51. Bc3 Qf8 52. Bxa5 Rf2 53. Bc3 Qf5 54. a5 Qg5 55. Rxf2 Qxe3 56. Qf1 Nxf2 57. Qxf2 Qxc3 58. Qf7+ Kh6 59. Qf4+ Kg7 60. Qxe4 Qxa5 61. Qe7+ Kh6 62. Qxd6 Qe1+ 63. Kh2 Qe3 64. Qf8+ Kh7 65. Qf7+ Kh6 66. Qf3 Qd4 67. Qg3 h4 68. Qc7 Qe3 69. Qd6 Qxb3 70. Qf4+ g5 71. Qd6+ Kh5 72. Qxc5 Qg3+ 73. Kh1 Qe1+ 74. Qg1 Qc3 75. Qd1+ Kh6 76. Qd6+ Kg7 77. c5 Qf6 78. Qc7+ Kg8 79. c6 Qf1+ 80. Kh2 Qc4 81. Qd6 Kg7 82. c7 Qc3 83. Qe7+ Kg6 84. Qe6+ Kh5 85. c8=Q Qg3+ 86. Kh1 1-0

[Event "EWIRCC 2019"]
[Site "Monte-Carlo"]
[Date "2019.11.30"]
[Round "2.7"]
[White "Batsiashvili, Nino"]
[Black "Bensdorp-De Labaca, Marlies"]
[Result "1/2-1/2"]
[ECO "D12"]
[WhiteElo "2422"]
[BlackElo "2228"]
[Annotator "NA"]
[PlyCount "103"]
[EventDate "2019.11.28"]
[EventType "swiss"]
[EventCountry "MNC"]
[SourceTitle "playchess.com"]
[Source "ChessBase"]
[SourceQuality "1"]
[TimeControl "5400+30"]

1. d4 d5 2. c4 c6 3. Nf3 Nf6 4. e3 Bf5 5. Nc3 e6 6. Nh4 Bg6 7. Nxg6 hxg6 8. Qd3 Qc7 9. g3 Nbd7 10. Bg2 Bd6 11. O-O O-O 12. Bd2 Rfe8 13. Rac1 dxc4 14. Qxc4 Nb6 15. Qb3 Qe7 16. a4 Rab8 17. a5 Nbd7 18. Rfd1 e5 19. a6 bxa6 20. Qa2 exd4 21. exd4 c5 22. Re1 Qf8 23. Rxe8 Rxe8 24. d5 Rb8 25. Re1 Rb6 26. Nd1 Ne5 27. Bc3 Nd3 28. Re3 Nb4 29. Qc4 a5 30. Re2 Rb8 31. Ne3 Re8 32. Re1 Rd8 33. Ra1 Bc7 34. Bxb4 axb4 35. Rxa7 Be5 36. b3 Bd4 37. Nc2 Be5 38. Ne1 Qd6 39. Nd3 Bd4 40. Nxb4 Bxf2+ 41. Kxf2 cxb4 42. Qc7 Ng4+ 43. Kg1 Qf6 44. Bf3 Ne5 45. Be4 Ng4 46. Bf3 Ne5 47. Be4 Ng4 48. Bf3 Ne5 49. Be4 Ng4 50. Qc5 Re8 51. Qc7 Rd8 52. Bf3 1/2-1/2

[Event "EWIRCC 2019"]
[Site "Monte-Carlo"]
[Date "2019.11.30"]
[Round "2.8"]
[White "Zvereva, Marija"]
[Black "Bulmaga, Irina"]
[Result "0-1"]
[ECO "C77"]
[WhiteElo "2154"]
[BlackElo "2435"]
[Annotator "NA"]
[PlyCount "96"]
[EventDate "2019.11.28"]
[EventType "swiss"]
[EventCountry "MNC"]
[SourceTitle "playchess.com"]
[Source "ChessBase"]
[SourceQuality "1"]
[TimeControl "5400+30"]

1. e4 e5 2. Nf3 Nc6 3. Bb5 a6 4. Ba4 Nf6 5. d3 d6 6. c3 g6 7. h3 Bg7 8. O-O O-O 9. Re1 b5 10. Bc2 d5 11. Nbd2 h6 12. Qe2 Re8 13. Nf1 Be6 14. N3h2 Qd7 15. Ne3 Rad8 16. Neg4 Nxg4 17. Nxg4 Kh7 18. Bb3 f5 19. exf5 gxf5 20. Nh2 Qf7 21. Bc2 Kh8 22. a4 b4 23. a5 Rf8 24. Bd2 f4 25. d4 e4 26. Qxa6 Ne7 27. Qf1 f3 28. g3 Nf5 29. a6 Nxg3 30. fxg3 f2+ 31. Kg2 fxe1=Q 32. Qxe1 Qd7 33. g4 Qb5 34. a7 Ra8 35. Ba4 Qb6 36. Qh4 Rf6 37. g5 Rg6 38. Be8 Rxe8 39. a8=Q Rxa8 40. Rxa8+ Kh7 41. Ng4 Bxg4 42. Qxg4 bxc3 43. bxc3 Qb2 44. Qe2 Rxg5+ 45. Kh2 Rg6 46. Rd8 c5 47. Rxd5 cxd4 48. cxd4 Qb3 0-1

[Event "EWIRCC 2019"]
[Site "Monte-Carlo"]
[Date "2019.11.30"]
[Round "2.9"]
[White "Paehtz, Elisabeth"]
[Black "Zakurdjaeva, Irina"]
[Result "1-0"]
[ECO "D02"]
[WhiteElo "2484"]
[BlackElo "2235"]
[Annotator "ChessBase"]
[PlyCount "51"]
[EventDate "2019.11.28"]
[EventType "swiss"]
[EventCountry "MNC"]
[SourceTitle "playchess.com"]
[Source "ChessBase"]
[SourceQuality "1"]
[TimeControl "5400+30"]

1. d4 Nf6 2. Nf3 e6 3. Bf4 d5 4. e3 Be7 5. c3 O-O 6. Nbd2 c5 7. Bd3 Nc6 8. h4 b6 9. Qe2 Bb7 10. Ng5 Rc8 11. Ndf3 h6 12. Nd2 Bd6 13. Bxd6 Qxd6 14. Ngf3 e5 15. dxc5 Qxc5 16. Bf5 Rcd8 17. Nb3 Qe7 18. O-O-O Bc8 19. Bc2 a5 20. Qb5 Bd7 21. Qxb6 Rb8 22. Qc5 Qd8 23. Qa3 Qb6 24. Nc5 Bg4 25. Rd2 Rfc8 26. Nh2 1-0

[Event "EWIRCC 2019"]
[Site "Monte-Carlo"]
[Date "2019.11.30"]
[Round "2.10"]
[White "Janzelj, Lara"]
[Black "Girya, Olga"]
[Result "0-1"]
[ECO "D19"]
[WhiteElo "2158"]
[BlackElo "2476"]
[Annotator "ChessBase"]
[PlyCount "148"]
[EventDate "2019.11.28"]
[EventType "swiss"]
[EventCountry "MNC"]
[SourceTitle "playchess.com"]
[Source "ChessBase"]
[SourceQuality "1"]
[TimeControl "5400+30"]

1. d4 d5 2. c4 c6 3. Nf3 Nf6 4. Nc3 dxc4 5. a4 Bf5 6. e3 e6 7. Bxc4 Bb4 8. O-O Nbd7 9. Qe2 Bg4 10. h3 Bh5 11. Rd1 O-O 12. g4 Bg6 13. Ne5 Nxe5 14. dxe5 Nd7 15. Na2 Ba5 16. b4 Bc7 17. Bb2 Qe7 18. f4 Nb6 19. Bb3 Qh4 20. Kh2 Nd5 21. Rac1 Rac8 22. Bd4 Bb6 23. Bxd5 cxd5 24. Bxb6 axb6 25. Nc3 h5 26. g5 Rc4 27. Nb5 Rfc8 28. Rxc4 Rxc4 29. Nd4 Be4 30. Qd2 Rxb4 31. Ra1 Rc4 32. Ra2 Kh7 33. Nb5 Bf5 34. Qg2 Rc1 35. Nd6 Qe1 36. Re2 Qd1 37. Rd2 Qxa4 38. Nxf5 exf5 39. Rxd5 Rc2 40. Rd2 Rxd2 41. Qxd2 Qe4 42. Qe2 g6 43. Qd2 b5 44. Qd7 Qc2+ 45. Kg1 Qc4 46. Qxb7 b4 47. e6 Qxe6 48. Qxb4 Qxe3+ 49. Kh2 h4 50. Qc4 Qg3+ 51. Kh1 Qxh3+ 52. Kg1 Qe3+ 53. Kh2 Kg7 54. Qc7 Qf2+ 55. Kh1 Qb2 56. Qc4 h3 57. Qf1 Qc3 58. Kh2 Qe3 59. Qa1+ Kh7 60. Qf1 Kg8 61. Qc4 Qf3 62. Qc8+ Kg7 63. Qc2 Qxf4+ 64. Kxh3 Qg4+ 65. Kh2 Qh4+ 66. Kg1 Qxg5+ 67. Kf1 Qf4+ 68. Kg1 Qe3+ 69. Kh2 f4 70. Qb2+ Kh7 71. Qf6 Kg8 72. Qa6 f3 73. Qa8+ Kh7 74. Qf8 Qh6+ 0-1

[Event "EWIRCC 2019"]
[Site "Monte-Carlo"]
[Date "2019.11.30"]
[Round "2.11"]
[White "Daulyte-Cornette, Deimante"]
[Black "Terbe, Julianna"]
[Result "1-0"]
[ECO "C48"]
[WhiteElo "2405"]
[BlackElo "2287"]
[Annotator "NA"]
[PlyCount "53"]
[EventDate "2019.11.28"]
[EventType "swiss"]
[EventCountry "MNC"]
[SourceTitle "playchess.com"]
[Source "ChessBase"]
[SourceQuality "1"]
[TimeControl "5400+30"]

1. e4 e5 2. Nf3 Nc6 3. Nc3 Nf6 4. Bb5 Bc5 5. O-O O-O 6. Nxe5 Nxe5 7. d4 Bd6 8. dxe5 Bxe5 9. Bd3 d6 10. Ne2 Bxh2+ 11. Kxh2 Ng4+ 12. Kg1 Qh4 13. Bf4 f5 14. f3 Nh6 15. Qe1 Qf6 16. Qg3 Nf7 17. exf5 Bxf5 18. Bxf5 Qxf5 19. Nd4 Qc5 20. Qf2 Rae8 21. Rae1 Ne5 22. Bxe5 dxe5 23. Nb3 Qc6 24. Qc5 Qg6 25. Rxe5 Rxe5 26. Qxe5 Re8 27. Qxc7 1-0

[Event "EWIRCC 2019"]
[Site "Monte-Carlo"]
[Date "2019.11.30"]
[Round "2.12"]
[White "Belenkaya, Dina"]
[Black "Socko, Monika"]
[Result "0-1"]
[ECO "B10"]
[WhiteElo "2302"]
[BlackElo "2417"]
[Annotator "NA"]
[PlyCount "152"]
[EventDate "2019.11.28"]
[EventType "swiss"]
[EventCountry "MNC"]
[SourceTitle "playchess.com"]
[Source "ChessBase"]
[SourceQuality "1"]
[TimeControl "5400+30"]

1. e4 c6 2. d3 d5 3. Nd2 g6 4. g3 Bg7 5. Bg2 e5 6. Ngf3 Ne7 7. O-O O-O 8. Re1 d4 9. Nh4 c5 10. f4 Nbc6 11. a4 Be6 12. Rf1 Qd7 13. f5 gxf5 14. exf5 Nxf5 15. Nxf5 Bxf5 16. Ne4 Bxe4 17. dxe4 c4 18. Rf5 d3 19. c3 Rad8 20. Bd2 Ne7 21. Rh5 Qc6 22. Qg4 Rd6 23. Qh3 Qb6+ 24. Kh1 Qf2 25. Qh4 f6 26. Bh6 d2 27. Qg4 Qe1+ 28. Bf1 Rf7 29. Rd1 Qf2 30. Bxg7 Rxg7 31. Qe2 Qxe2 32. Bxe2 Kh8 33. Kg2 Rg8 34. Bxc4 Rgd8 35. Kf3 Rb6 36. b3 Rbd6 37. Ke2 a6 38. g4 Kg7 39. g5 f5 40. Rh6 Rxh6 41. gxh6+ Kxh6 42. exf5 Kg5 43. Rxd2 Rxd2+ 44. Kxd2 Kxf5 45. Ke3 e4 46. a5 Ke5 47. Bf7 Nf5+ 48. Ke2 Kf4 49. Bd5 Nd6 50. c4 Ke5 51. Ke3 Nf5+ 52. Ke2 Nd4+ 53. Ke3 Nxb3 54. Bxe4 Nxa5 55. c5 h6 56. Bg2 Nb3 57. c6 bxc6 58. Bxc6 Nc5 59. Be8 a5 60. Kf3 a4 61. Bb5 a3 62. Bc4 Ne4 63. Ke3 Nc3 64. Kd3 a2 65. Bxa2 Nxa2 66. Ke3 Nc3 67. Kf3 Kf5 68. Kg3 Ne4+ 69. Kh4 Nf6 70. Kg3 Kg5 71. Kh3 Ne4 72. Kg2 Kg4 73. Kg1 Kh3 74. Kh1 Ng5 75. Kg1 Nf3+ 76. Kh1 Nxh2 0-1

[Event "EWIRCC 2019"]
[Site "Monte-Carlo"]
[Date "2019.11.30"]
[Round "2.13"]
[White "Novkovic, Julia"]
[Black "Kashlinskaya, Alina"]
[Result "1/2-1/2"]
[ECO "C09"]
[WhiteElo "2161"]
[BlackElo "2486"]
[Annotator "ChessBase"]
[PlyCount "132"]
[EventDate "2019.11.28"]
[EventType "swiss"]
[EventCountry "MNC"]
[SourceTitle "playchess.com"]
[Source "ChessBase"]
[SourceQuality "1"]
[TimeControl "5400+30"]

1. e4 e6 2. d4 d5 3. Nd2 c5 4. exd5 exd5 5. Ngf3 Nc6 6. Bb5 Qe7+ 7. Qe2 Qxe2+ 8. Kxe2 a6 9. Bxc6+ bxc6 10. dxc5 Bxc5 11. Nb3 Bd6 12. Be3 a5 13. Bc5 Kd7 14. a4 Ba6+ 15. Kd1 Nf6 16. Ng5 Rhf8 17. Bd4 h6 18. Bxf6 gxf6 19. Nh7 Rfb8 20. Nxf6+ Ke7 21. Ng4 Bc4 22. Nd4 Rxb2 23. Nxc6+ Kd7 24. Nce5+ Kc7 25. Nxc4 dxc4 26. Ne3 c3 27. Nc4 Rd8 28. Nxb2 cxb2 29. Rb1 Bb4+ 30. Ke2 Rd2+ 31. Ke3 Rxc2 32. Rhd1 Kc6 33. Rd8 Bc5+ 34. Kd3 Rxf2 35. Kc3 Be7 36. Rc8+ Kb7 37. Rg8 Bf6+ 38. Kb3 Rf4 39. Rf8 Be5 40. g3 Rb4+ 41. Kc2 f6 42. Rh8 Rxa4 43. Rh7+ Kc6 44. Rxb2 Bxb2 45. Kxb2 Re4 46. Rxh6 Kb5 47. Rh5+ Kb4 48. Rh4 f5 49. Rf4 a4 50. h4 Kc4 51. h5 Kd5 52. Rxe4 fxe4 53. h6 a3+ 54. Kxa3 e3 55. h7 e2 56. h8=Q e1=Q 57. Qd8+ Kc6 58. Qd3 Qe7+ 59. Kb3 Qe6+ 60. Qc4+ Kd6 61. Kc3 Qxc4+ 62. Kxc4 Ke5 63. Kd3 Kf5 64. Ke3 Kg4 65. Kf2 Kg5 66. Kf3 Kf5 1/2-1/2

[Event "EWIRCC 2019"]
[Site "Monte-Carlo"]
[Date "2019.11.30"]
[Round "2.14"]
[White "Guichard, Pauline"]
[Black "Paasikangas-Tella, Johanna"]
[Result "1-0"]
[ECO "B08"]
[WhiteElo "2407"]
[BlackElo "2177"]
[Annotator "NA"]
[PlyCount "79"]
[EventDate "2019.11.28"]
[EventType "swiss"]
[EventCountry "MNC"]
[SourceTitle "playchess.com"]
[Source "ChessBase"]
[SourceQuality "1"]
[TimeControl "5400+30"]

1. d4 Nf6 2. Nf3 g6 3. Nc3 Bg7 4. e4 d6 5. Bb5+ c6 6. Bd3 O-O 7. O-O Qc7 8. h3 e5 9. Re1 Re8 10. dxe5 dxe5 11. Bg5 Be6 12. Qd2 Nbd7 13. Rad1 Nh5 14. Bc4 Bxc4 15. Qxd7 Rac8 16. g4 Nf4 17. Bxf4 exf4 18. Qxc7 Rxc7 19. e5 Rce7 20. Rd4 b5 21. b3 Be6 22. Rxf4 h5 23. a4 hxg4 24. hxg4 Rb8 25. Nd4 Bd7 26. Rfe4 b4 27. Nb1 Rbe8 28. Nf3 c5 29. Nbd2 Bc6 30. Rc4 Bd7 31. Rxc5 Bxg4 32. Kg2 Bf5 33. Nd4 Rxe5 34. Rcxe5 Bxe5 35. Nxf5 gxf5 36. Nc4 f6 37. f4 Kf8 38. fxe5 Re6 39. Kf2 Ke8 40. Kf1 1-0

[Event "EWIRCC 2019"]
[Site "Monte-Carlo"]
[Date "2019.11.30"]
[Round "2.15"]
[White "Andric, Jelena"]
[Black "Mkrtchian, Lilit"]
[Result "0-1"]
[ECO "A09"]
[WhiteElo "2076"]
[BlackElo "2402"]
[Annotator "NA"]
[PlyCount "40"]
[EventDate "2019.11.28"]
[EventType "swiss"]
[EventCountry "MNC"]
[SourceTitle "playchess.com"]
[Source "ChessBase"]
[SourceQuality "1"]
[TimeControl "5400+30"]

1. Nf3 Nf6 2. c4 e6 3. g3 d5 4. Bg2 d4 5. d3 c5 6. O-O Nc6 7. a3 a5 8. Nbd2 Be7 9. Ne1 e5 10. e4 h5 11. h3 h4 12. g4 Nh7 13. f4 exf4 14. Rxf4 Bg5 15. Rf1 Be3+ 16. Kh1 Ng5 17. Ndf3 Bxg4 18. hxg4 h3 19. Bxe3 dxe3 20. Nh2 hxg2+ 0-1

[Event "EWIRCC 2019"]
[Site "Monte-Carlo"]
[Date "2019.11.30"]
[Round "2.16"]
[White "Gaponenko, Inna"]
[Black "Berzina, Ilze"]
[Result "1-0"]
[ECO "B12"]
[WhiteElo "2427"]
[BlackElo "2211"]
[Annotator "NA"]
[PlyCount "81"]
[EventDate "2019.11.28"]
[EventType "swiss"]
[EventCountry "MNC"]
[SourceTitle "playchess.com"]
[Source "ChessBase"]
[SourceQuality "1"]
[TimeControl "5400+30"]

1. e4 c6 2. d4 d5 3. e5 c5 4. dxc5 Nc6 5. a3 Nxe5 6. Bb5+ Nc6 7. Nf3 Bg4 8. b4 e6 9. Bb2 Nf6 10. c4 Be7 11. cxd5 exd5 12. h3 Bh5 13. Nbd2 O-O 14. O-O Ne4 15. Qb3 Bf6 16. Bxf6 Nxf6 17. Rfe1 Qc7 18. Bxc6 bxc6 19. Nd4 a5 20. Qg3 Qb7 21. Re7 Qa6 22. N2b3 axb4 23. axb4 Qc4 24. Rxa8 Rxa8 25. Nxc6 Bd1 26. Nbd4 Qc1 27. Re1 h5 28. Ne7+ Kf8 29. Nef5 Ne8 30. Ne3 Qb2 31. Rxd1 Ra1 32. Nc6 Rxd1+ 33. Nxd1 Qe2 34. Ne3 Qa6 35. Ne5 d4 36. Qf4 Qa1+ 37. Nf1 Nf6 38. c6 Qc3 39. b5 d3 40. c7 Kg8 41. Nc6 1-0

[Event "EWIRCC 2019"]
[Site "Monte-Carlo"]
[Date "2019.11.30"]
[Round "2.18"]
[White "Zhukova, Natalia"]
[Black "Semenova, Elena"]
[Result "1-0"]
[ECO "A18"]
[WhiteElo "2323"]
[BlackElo "2282"]
[Annotator "NA RC"]
[PlyCount "63"]
[EventDate "2019.11.28"]
[EventType "swiss"]
[EventCountry "MNC"]
[SourceTitle "playchess.com"]
[Source "ChessBase"]
[SourceQuality "1"]
[TimeControl "5400+30"]

1. c4 Nf6 2. Nc3 e6 3. e4 d5 4. cxd5 exd5 5. e5 Ne4 6. Nf3 Bf5 7. d3 Nxc3 8. bxc3 c5 9. d4 Qa5 10. Bd2 Nc6 11. Be2 Be7 12. O-O O-O 13. a4 Rac8 14. h3 h6 15. Qb3 cxd4 16. cxd4 Bb4 17. Be3 Ne7 18. Rfc1 Rxc1+ 19. Rxc1 Rc8 20. Rxc8+ Nxc8 21. Bc1 Nb6 22. Ba3 Bxa3 23. Qxa3 Qxa4 24. Qd6 Qc6 25. Qd8+ Kh7 26. Qe7 Qd7 27. Qc5 Nc8 28. Bb5 Qe6 29. Nh4 a6 30. Nxf5 Qxf5 31. Be2 Qb1+ 32. Kh2 1-0

[Event "EWIRCC 2019"]
[Site "Monte-Carlo"]
[Date "2019.11.30"]
[Round "2.20"]
[White "Cornileau, Juliette"]
[Black "Rogule, Laura"]
[Result "0-1"]
[ECO "D58"]
[WhiteElo "1809"]
[BlackElo "2293"]
[Annotator "NA"]
[PlyCount "100"]
[EventDate "2019.11.28"]
[EventType "swiss"]
[EventCountry "MNC"]
[SourceTitle "playchess.com"]
[Source "ChessBase"]
[SourceQuality "1"]
[TimeControl "5400+30"]

1. d4 d5 2. c4 e6 3. Nc3 Nf6 4. Bg5 Be7 5. e3 O-O 6. Nf3 h6 7. Bh4 b6 8. cxd5 exd5 9. Bd3 Bb7 10. O-O Nbd7 11. Bg3 a6 12. Ne5 c5 13. Ne2 c4 14. Bc2 b5 15. Nxd7 Qxd7 16. Bf4 Bd6 17. Bxd6 Qxd6 18. Ng3 g6 19. Qd2 Kg7 20. f4 Rae8 21. f5 g5 22. Rae1 Re7 23. Bd1 Rfe8 24. Nh5+ Nxh5 25. Bxh5 Qf6 26. Rf3 Re4 27. h3 Kg8 28. Rff1 Qd6 29. Bf3 R4e7 30. Bd1 b4 31. Bc2 f6 32. Qe2 Kh7 33. Qh5 Rg8 34. Rf3 Bc6 35. Rff1 Qg3 36. Qf3 Qxf3 37. Rxf3 Rge8 38. Kf2 a5 39. g4 a4 40. a3 bxa3 41. bxa3 Rb7 42. Kg3 Rb2 43. Rf2 c3 44. Bd3 Rd2 45. Kg2 Rxd3 46. Kf3 Rxd4 47. Rc1 Rd3 48. Re2 d4+ 49. Kf2 Rdxe3 50. Rxe3 Rxe3 0-1